 Dungeon Crawl Stone Soup version 0.22-a0-292-g0df9d5f (webtiles) character file.

54568 4thArraOfDagon the Carver (level 14, -12/80 HPs)
             Began as a Gargoyle Summoner on Mar 23, 2018.
             Was a High Priest of Sif Muna.
             Killed from afar by a deep elf knight (34 damage)
             ... with a stone arrow
             ... on level 1 of the Elven Halls on Mar 24, 2018.
             The game lasted 01:30:49 (13678 turns).

4thArraOfDagon the Carver (Gargoyle Summoner)      Turns: 13678, Time: 01:30:50

Health: -12/80     AC: 24    Str: 13    XL:     14   Next: 73%
Magic:  20/26      EV: 14    Int: 29    God:    Sif Muna [*****.]
Gold:   1076       SH:  0    Dex: 12    Spells: 12/30 levels left

rFire    + . .     SeeInvis .   u - +6 great sword of Virtue {slice, rElec Int+3 Dex+2}
rCold    . . .     Gourm    .   (shield currently unavailable)
rNeg     + . .     Faith    .   t - +4 troll leather armour {Purgy}
rPois    ∞         Spirit   .   (no helmet)
rElec    +         Reflect  .   A - +0 cloak {rPois}
rCorr    .         Harm     .   d - +2 pair of gloves
MR       +....                  (no boots)
Stlth    ++........             (no amulet)
HPRegen  0.63/turn              I - +6 ring of intelligence
MPRegen  0.20/turn              K - ring of protection from fire

@: divine energy
A: big wings, mutation resistance 1, negative energy resistance 1, sense
surroundings 1, electricity resistance, unbreathing, petrification resistance,
rot immunity, AC +10
a: Fly, Stop Divine Energy, Channel Magic, Forget Spell, Renounce Religion


You were on level 1 of the Elven Halls.
You worshipped Sif Muna.
Sif Muna was extremely pleased with you.
You were not hungry.

You visited 4 branches of the dungeon, and saw 21 of its levels.
You also visited: Wizlab.

You collected 1882 gold pieces.
You spent 806 gold pieces at shops.

Inventory:

Hand Weapons
 o - a +0 spear
 u - the +6 great sword of Virtue (weapon) {slice, rElec Int+3 Dex+2}
   (You bought it in a shop on level 8 of the Dungeon)

   It inflicts extra damage upon your enemies.
   It affects your intelligence (+3).
   It affects your dexterity (+2).
   It insulates you from electricity.
 B - a +2 flail of venom
 H - a +3 quarterstaff of chaos
 T - a +3 scimitar of flaming
 Z - the +2 long sword "Renusiav" {drain, rC+ Str+3 Dex+3}
   (You bought it in a shop on level 2 of the Orcish Mines)

   A truly terrible weapon, it drains the life of those it strikes.
   It affects your strength (+3).
   It affects your dexterity (+3).
   It protects you from cold.
Armour
 d - a +2 pair of gloves (worn)
 n - a +2 robe of magic resistance
 t - a +4 troll leather armour (worn) {Purgy}
 A - a +0 cloak of poison resistance (worn)
 Y - a +2 robe
Magical Staves
 q - an uncursed staff of wizardry {!a}
 r - an uncursed staff of earth
 M - an uncursed staff of power {!a}
 S - an uncursed staff of air
Jewellery
 p - an uncursed ring of wizardry
 I - a +6 ring of intelligence (left hand)
 K - a ring of protection from fire (right hand)
Wands
 m - a wand of acid (4)
 s - a wand of iceblast (35)
 y - a wand of digging (3)
 J - a wand of flame (48)
 U - a wand of paralysis (6)
Scrolls
 a - a scroll of magic mapping
 e - 15 scrolls of remove curse
 g - 2 scrolls of blinking
 h - 4 scrolls of noise
 l - 3 scrolls of immolation
 v - 3 scrolls of amnesia
 w - 8 scrolls of teleportation
 z - a scroll of vulnerability {unknown}
 P - a scroll of enchant weapon {unknown}
 V - 4 scrolls of identify
Potions
 b - 5 potions of berserk rage
 f - a potion of curing
 j - 6 potions of flight
 k - 3 potions of might
 x - a potion of cancellation
 C - 2 potions of resistance
 D - a potion of ambrosia
 E - 2 potions of mutation
 G - a potion of brilliance
 Q - a potion of magic
Miscellaneous
 i - a lightning rod (4/4)
Comestibles
 c - 26 rations


   Skills:
 - Level 6.0 Fighting
 - Level 13.1 Long Blades
 - Level 6.0 Armour
 - Level 5.0 Dodging
 - Level 2.1 Stealth
 + Level 8.5 Spellcasting
 * Level 7.6 Conjurations
 - Level 2.9 Charms
 - Level 10.6 Summonings
 - Level 2.5 Necromancy
 - Level 10.0 Invocations


You had 12 spell levels left.
You knew the following spells:

 Your Spells              Type           Power        Failure   Level  Hunger
a - Summon Small Mammal   Summ           ####         1%          1    None
b - Call Canine Familiar  Summ           ######..     1%          3    None
c - Summon Lightning Spi  Summ/Air       #####...     6%          4    #......
d - Apportation           Tloc           ##....       5%          1    None
e - Conjure Flame         Conj/Fire      ####....     3%          3    None
f - Regeneration          Chrm/Necr      ####......   4%          3    None
g - Vampiric Draining     Necr           ####......   5%          3    None


Dungeon Overview and Level Annotations

Branches:
Dungeon (15/15)            Temple (1/1) D:4            Lair (0/6) D:8
    Orc (2/2) D:11            Elf (3/3) Orc:2
 Vaults: D:13-14     Depths: D:15

Altars:
Ashenzari
Cheibriados
Elyvilon
Fedhas
Gozag
Hepliaklqana
Kikubaaqudgha
Makhleb
Okawaru
Qazlal
Ru
Sif Muna
Trog
Vehumet
Wu Jian
Yredelemnul
Zin
The Shining One
Beogh

Shops:
D:5 *(   D:8 ?=((*   D:10 *   D:11 (   D:15 (   Orc:1 %   Orc:2 [::?(   Elf:2 ?

Annotations:
D:9 1 runed door
Elf:1 Donald
Elf:3 exclusion: Roxanne, Roxanne


Innate Abilities, Weirdness & Mutations

You are resistant to torment.
Your stone body is resilient. (AC +10)
You are immune to poison.
Your large and strong wings let you fly indefinitely.
You resist negative energy. (rN+)
You are resistant to electric shocks. (rElec)
You can survive without breathing.
You are immune to petrification.
You are immune to rotting.
You are somewhat resistant to further mutation.
You passively map a small area around you.


Message History

The deep elf knight is severely wounded.
The deep elf knight hits you but does no damage.
The deep elf knight hits you with a long sword of slicing.
Casting: Summon Lightning Spire (safe; 6% risk of failure)
Confirm with . or Enter, or press ? or * to list all spells.
The deep elf knight gestures at you while chanting.
The stone arrow hits you!
Unknown command.
The deep elf knight blocks your attack.
The deep elf knight is severely wounded.
The deep elf knight hits you with a long sword of slicing! x2
* * * LOW HITPOINT WARNING * * *
x2 The deep elf archer blinks!
Unknown command.
Unknown command.
You swap places.
Your wolf bites the deep elf knight.
Your wolf misses the deep elf knight.
The deep elf knight casts a spell at your wolf.
The stone arrow misses your wolf. The stone arrow hits you!
You die...

, , , ,, e, ....... *
, * **.)... .... , *
...* #'#* #e*
#.########## #.
#)#Eeh@....#
#.*########.#§######.#
, #.*#........).# * #.
#.#######..#* * * *
#.*#.# #..... #.##.#
#..##.., #....# #...
,... ####.# #.###* ##
#.# #.###


You could see a deep elf knight, an earth elemental and a friendly wolf.

Vanquished Creatures
  A deep elf sorcerer (Elf:1)
  A deep elf elementalist (Elf:2)
  A fire dragon (D:14)
  An ogre mage (Orc:2)
  A centaur warrior (D:9)
  4 dancing weapons
  Erica (D:10)
  2 two-headed ogres (D:14)
  3 deep elf knights
  Nergalle (Orc:2)
  An unseen horror (D:15)
  2 skeletal warriors (D:14)
  6 deep elf archers
  An unseen horror (shapeshifter) (Elf:2)
  An orc knight (Orc:1)
  25 deep elf magi
  3 orc sorcerers (Orc:2)
  Maurice (D:8)
  3 centaur zombies
  A kobold demonologist (D:11)
  2 centaur skeletons (D:13)
  A redback zombie (D:15)
  A harpy zombie (D:14)
  5 trolls
  A meliai (D:9)
  A dream sheep (shapeshifter) (Elf:1)
  2 slime creatures (D:14)
  2 hippogriffs
  A water elemental (Elf:2)
  A yak (D:9)
  3 air elementals (Elf:2)
  A wyvern (D:13)
  A hungry ghost (D:14)
  A fire elemental (Elf:2)
  A basilisk (D:14)
  A vampire mosquito (D:9)
  3 wargs
  13 orc warriors
  Purgy (D:4)
  An ice beast (D:12)
  2 necrophages (D:11)
  An eye of draining (D:11)
  15 centaurs
  12 ogres
  A big kobold (D:13)
  A bullfrog (D:8)
  An earth elemental (Elf:2)
  A scorpion (D:6)
  9 killer bees
  5 wights
  4 howler monkeys
  The ghost of aspa the Magician, a weakling OpWz (D:3)
  5 crimson imps
  A quasit (D:7)
  A hound (D:11)
  A jelly (D:15)
  16 orc priests
  26 orc wizards
  An iguana (D:6)
  7 worker ants
  Terence (D:3)
  A hound zombie (D:11)
  A gnoll (D:3)
  6 adders
  A shadow imp (D:7)
  An ooze (D:3)
  An adder zombie (D:7)
  2 worms (D:2)
  A leopard gecko (D:2)
  61 orcs
  3 goblins
  6 hobgoblins
  8 jackals
  8 kobolds
  A quokka (D:8)
  8 bats
  A frilled lizard (D:2)
  A quokka skeleton (D:5)
  6 rats
332 creatures vanquished.

Vanquished Creatures (collateral kills)
  A spark wasp (Elf:2)
  A hydra (D:9)
  2 ogre magi (Orc:2)
  4 two-headed ogres
  7 death yaks
  2 deep elf knights
  2 skeletal warriors (D:14)
  2 wizards
  3 orc knights
  2 deep elf archers
  18 deep elf magi
  2 ugly things
  A cyclops (D:13)
  5 orc sorcerers (Orc:2)
  A manticore (D:14)
  A centaur zombie (D:11)
  A spiny frog (shapeshifter) (D:14)
  A gargoyle (D:9)
  A kobold demonologist (D:13)
  2 trolls
  2 hippogriffs
  8 slime creatures
  A centaur simulacrum (D:14)
  A vampire (D:15)
  A wraith (D:9)
  A hungry ghost (D:9)
  An acid dragon (D:12)
  Duvessa (D:7)
  A water moccasin (D:5)
  3 ice beasts
  3 orc warriors
  2 sky beasts
  5 ogres
  2 phantoms
  4 centaurs
  2 necrophages
  2 big kobolds
  A bullfrog (D:9)
  Dowan (D:7)
  A scorpion (D:9)
  5 killer bees
  A wight (D:9)
  3 howler monkeys
  3 hounds
  2 jellies
  Crazy Yiuf (D:3)
  A centaur skeleton (D:11)
  7 orc priests
  13 orc wizards
  4 worker ants
  A killer bee zombie (D:5)
  A hound zombie (D:4)
  A mummy (D:11)
  A howler monkey skeleton (D:9)
  7 adders
  3 gnolls (D:3)
  2 shadow imps (D:9)
  An ooze (D:2)
  3 worms
  A leopard gecko (D:4)
  29 orcs
  2 giant cockroaches
  4 goblins (D:1)
  3 hobgoblins
  5 jackals
  2 quokkas
  A ball python (D:5)
  A bat (D:1)
  2 frilled lizards
  A kobold (D:2)
  2 rats
215 creatures vanquished.

Vanquished Creatures (others)
  A spriggan air mage (WizLab)
  A centaur (D:11)
  2 orc wizards (Orc:2)
4 creatures vanquished.

Grand Total: 551 creatures vanquished

Notes
Turn   | Place    | Note
-------+----------+-------------------------------------------
     0 | D:1      | 4thArraOfDagon the Gargoyle Summoner began the quest for the Orb.
     0 | D:1      | Reached XP level 1. HP: 10/10 MP: 3/3
    64 | D:1      | 4thArraOfDagon: best combo!
    96 | D:1      | Thaneod: w melee lecisz?
   117 | D:1      | Reached XP level 2. HP: 11/15 MP: 1/5
   226 | D:1      | 4thArraOfDagon: zobacze
   524 | D:2      | Reached XP level 3. HP: 18/19 MP: 2/6
   529 | D:2      | Learned a level 3 spell: Call Canine Familiar
   545 | D:2      | Thaneod: oo
   545 | D:2      | 4thArraOfDagon: chyba nie :)
   822 | D:4      | Found a white marble altar of Elyvilon.
   891 | D:4      | Reached skill level 5 in Summonings
   891 | D:4      | Reached XP level 4. HP: 22/24 MP: 1/7
   903 | D:4      | Sergey: привет
   924 | D:3      | Noticed aspa's ghost (weakling OpWz)
  1011 | D:4      | Noticed Purgy
  1033 | D:4      | Killed Purgy
  1033 | D:4      | Reached XP level 5. HP: 28/28 MP: 8/8
  1115 | D:4      | Found a sacrificial altar of Ru.
  1146 | D:5      | Entered Level 5 of the Dungeon
  1146 | D:5      | Noticed an ogre
  1242 | D:5      | Noticed a centaur
  1255 | D:5      | Killed a centaur
  1263 | D:5      | Learned a level 4 spell: Summon Lightning Spire
  1266 | D:5      | Found Piyr's Serpentskin Sales.
  1266 | D:5      | Noticed a water moccasin
  1272 | D:5      | Thaneod: not guardian?
  1275 | D:5      | Killed a water moccasin
  1275 | D:5      | Thaneod: nice with inner flame
  1275 | D:5      | Reached XP level 6. HP: 32/32 MP: 4/9
  1402 | D:5      | Noticed a phantom
  1430 | D:5      | Killed a phantom
  1451 | D:5      | Thaneod: ?? guardian
  1452 | D:5      | beem: I don't have a page labeled guardian in my learndb.
  1567 | D:5      | Reached XP level 7. HP: 27/36 MP: 2/10
  1585 | D:5      | Found an ornate altar of the Wu Jian Council.
  1585 | D:5      | Found a basalt altar of Yredelemnul.
  1637 | D:5      | Found Jegom's Antique Weapon Boutique.
  1652 | D:5      | 4thArraOfDagon: ??summon guardian
  1652 | D:5      | beem: I don't have a page labeled summon_guardian in my learndb.
  1652 | D:5      | 4thArraOfDagon: ??summon guardian golem
  1652 | D:5      | beem: summon guardian golem[1/1]: L3 Summonings/Hex found in the Book of Callings. Summons a golem that passively absorbs damage dealt to your allies (but not you). While below half health, it has a chance of overheating, gaining inner flame enchantment. Increased spellpower gives it higher max health.
  1654 | D:5      | Learned a level 1 spell: Apportation
  1725 | D:5      | Thaneod: spire can kill you?
  1815 | D:5      | Found an iron altar of Okawaru.
  1930 | D:6      | Found a stormy altar of Qazlal.
  2228 | D:7      | Noticed Duvessa
  2228 | D:7      | Noticed Dowan
  2243 | D:7      | Killed Dowan
  2245 | D:7      | Killed Duvessa
  2404 | D:7      | Reached XP level 8. HP: 40/41 MP: 6/13
  2446 | D:7      | You fall through a shaft!
  2446 | D:8      | Found Bodo's Antique Weapon Boutique.
  2447 | D:8      | :O
  2479 | D:8      | Found Boazong's Assorted Antiques.
  2480 | D:8      | Noticed Maurice
  2485 | D:8      | Killed Maurice
  2490 | D:8      | Thaneod: soo many weapons artefacts
  2608 | D:6      | Found a burning altar of Makhleb.
  2850 | D:4      | 4thArraOfDagon: brb
  2850 | D:4      | 4thArraOfDagon: tel
  2850 | D:4      | Thaneod: k
  2974 | D:4      | Found a staircase to the Ecumenical Temple.
  2981 | Temple   | Entered the Ecumenical Temple
  2992 | Temple   | Became a worshipper of Sif Muna the Loreminder
  3097 | D:3      | Noticed Terence
  3189 | D:3      | Killed Terence
  3228 | D:3      | Sergey: !hs * GrSu
  3228 | D:3      | beem: 2028. kroki the Axe Maniac (L27 GrSu of Makhleb), escaped with the Orb and 15 runes on 2015-02-16 23:51:21, with 18110353 points after 85040 turns and 7:13:50.
  3234 | D:3      | Killed aspa's ghost
  3317 | D:3      | Thaneod: zostales zterminatyzowany:)
  3339 | D:2      | Found an opulent altar of Gozag.
  3390 | D:2      | Thaneod: prądu zabrakło znowu:>?
  3488 | D:2      | Found a radiant altar of Vehumet.
  3724 | D:2      | 4thArraOfDagon: taa
  3724 | D:2      | 4thArraOfDagon: jakis ciulowy ten prąd z kopalni :)
  3906 | D:3      | Reached * piety under Sif Muna
  3947 | D:3      | Found a runed door.
  3951 | D:3      | Noticed Crazy Yiuf
  3957 | D:3      | Killed Crazy Yiuf
  4131 | D:4      | Reached skill level 1 in Invocations
  4390 | D:5      | Reached skill level 5 in Spellcasting
  4417 | D:5      | Sergey: how to play sif for speedruns ?
  4417 | D:5      | Reached XP level 9. HP: 45/45 MP: 9/16
  4563 | D:5      | 4thArraOfDagon: pure caster only :(
  4755 | D:6      | Thaneod: unless Demonspawn
  4862 | D:8      | Found Ygum's Weapon Shoppe.
  4867 | D:8      | Thaneod: ?? warg
  4868 | D:8      | beem: warg[1/1]: Like to mephitic cloud your (h)ound type monsters? Too bad, this sucker has rPois to keep wizards like you from confusing all of the orcish mines.
  4928 | D:8      | Reached skill level 10 in Summonings
  4999 | D:8      | Found Hacwi Ojozu's Jewellery Shoppe.
  5002 | D:8      | Found Liuran's Magic Scroll Emporium.
  5007 | D:8      | 4thArraOfDagon: ohh whata nice amu
  5007 | D:8      | Thaneod: which one?
  5007 | D:8      | Thaneod: regen or regenmp?
  5007 | D:8      | 4thArraOfDagon: regen
  5030 | D:8      | Noticed a death yak
  5032 | D:8      | Noticed a death yak
  5032 | D:8      | Noticed a death yak
  5033 | D:8      | Noticed a death yak
  5034 | D:8      | Noticed a death yak
  5034 | D:8      | Noticed a death yak
  5114 | D:7      | Killed a death yak
  5196 | D:8      | Noticed a death yak
  5216 | D:7      | Reached ** piety under Sif Muna
  5282 | D:7      | Killed a death yak
  5290 | D:7      | Learned a level 3 spell: Conjure Flame
  5426 | D:7      | Killed a death yak
  5452 | D:8      | Bought a dazzling great sword for 379 gold pieces
  5452 | D:8      | Identified the +6 great sword of Virtue {slice, rElec Int+3 Dex+2} (You bought it in a shop on level 8 of the Dungeon)
  5549 | D:7      | Killed a death yak
  5549 | D:7      | Reached skill level 2 in Long Blades
  5549 | D:7      | Reached skill level 5 in Invocations
  5549 | D:7      | Reached XP level 10. HP: 35/50 MP: 10/20
  5635 | D:7      | Killed a death yak
  5720 | D:8      | Found an ancient bone altar of Kikubaaqudgha.
  5731 | D:8      | Found a staircase to the Lair.
  5828 | D:8      | Found a glowing golden altar of the Shining One.
  5842 | D:8      | Thaneod: summonings not to full 11.00?
  5879 | D:8      | Killed a death yak
  5879 | D:8      | Reached skill level 1 in Fighting
  5879 | D:8      | Reached skill level 1 in Armour
  5893 | D:8      | Killed a death yak
  5893 | D:8      | Reached skill level 3 in Long Blades
  5904 | D:8      | Bought 3 scrolls of teleportation for 90 gold pieces
  5905 | D:8      | Bought a scroll of noise for 10 gold pieces
  5950 | D:9      | Found a runed door.
  5965 | D:9      | Found a runed door.
  5967 | D:9      | Noticed a gargoyle
  5968 | D:9      | Noticed a centaur warrior
  5976 | D:9      | Noticed a deep elf mage
  5976 | D:9      | Noticed a four-headed hydra
  5976 | D:9      | Killed a centaur warrior
  5987 | D:9      | Reached skill level 4 in Long Blades
  6012 | D:9      | Killed a gargoyle
  6063 | D:9      | Found a runed door.
  6063 | D:9      | Found a runed door.
  6305 | D:9      | Reached XP level 11. HP: 60/60 MP: 21/21
  6514 | D:9      | Killed a five-headed hydra
  6514 | D:9      | Reached skill level 5 in Long Blades
  6518 | D:9      | Killed a deep elf mage
  6601 | D:10     | Entered Level 10 of the Dungeon
  6689 | D:10     | Noticed a two-headed ogre
  6697 | D:10     | Killed a two-headed ogre
  6755 | D:10     | Gained mutation: You passively map a small area around you. [potion of mutation]
  6755 | D:10     | Gained mutation: You are somewhat resistant to further mutation. [potion of mutation]
  6782 | D:10     | Noticed Erica
  6819 | D:10     | Killed Erica
  6876 | D:10     | Found Nirex's Elemental Accessories.
  7075 | D:11     | Reached *** piety under Sif Muna
  7094 | D:11     | Reached skill level 6 in Long Blades
  7176 | D:11     | Found Curos's Weapon Shop.
  7411 | D:11     | Sergey: Can I be petrified as Mummy ?
  7412 | D:11     | Reached skill level 5 in Fighting
  7412 | D:11     | Reached skill level 5 in Armour
  7490 | D:11     | Noticed a two-headed ogre
  7494 | D:11     | Killed a two-headed ogre
  7682 | D:14     | 4thArraOfDagon: yes
  7785 | D:14     | Reached skill level 7 in Long Blades
  7785 | D:14     | Reached XP level 12. HP: 68/68 MP: 22/22
  7824 | D:15     | Entered Level 15 of the Dungeon
  7837 | D:15     | Found Lulorox's Weapon Shop.
  7839 | D:15     | Thaneod: weird, because you cannot change form;/
  7916 | D:14     | Noticed a two-headed ogre
  7925 | D:14     | Killed a two-headed ogre
  8100 | D:15     | Noticed a two-headed ogre
  8126 | D:15     | Noticed a two-headed ogre
  8128 | D:15     | Killed a two-headed ogre
  8192 | D:14     | Killed a two-headed ogre
  8214 | D:14     | Reached skill level 5 in Dodging
  8284 | D:14     | Reached skill level 8 in Long Blades
  8543 | D:14     | Noticed a fire dragon
  8568 | D:14     | Killed a fire dragon
  8770 | D:14     | Noticed a two-headed ogre
  8774 | D:14     | Killed a two-headed ogre
  8774 | D:14     | Reached skill level 9 in Long Blades
  9109 | D:13     | Reached XP level 13. HP: 74/74 MP: 23/23
  9119 | D:13     | Reached skill level 10 in Long Blades
  9377 | D:12     | Reached skill level 10 in Invocations
  9590 | D:11     | Reached **** piety under Sif Muna
  9601 | D:11     | Found a roughly hewn altar of Beogh.
  9601 | D:11     | Found a staircase to the Orcish Mines.
  9642 | Orc:1    | Entered Level 1 of the Orcish Mines
  9883 | Orc:1    | Found a bloodstained altar of Trog.
  9958 | Orc:1    | Reached skill level 11 in Long Blades
 10045 | Orc:2    | Entered Level 2 of the Orcish Mines
 10045 | Orc:2    | Found Medotz's Armour Shoppe.
 10669 | Orc:2    | Found a staircase to the Elven Halls.
 10808 | Orc:2    | 4thArraOfDagon: bbl
 10852 | Orc:2    | Paralysed by an orc sorcerer for 2 turns
 10863 | Orc:2    | Found Yjybb's Book Boutique.
 10881 | Orc:2    | Noticed Nergalle
 10882 | Orc:2    | Paralysed by an orc sorcerer for 5 turns
 10975 | Orc:2    | Killed Nergalle
 11056 | Orc:2    | Found a radiant altar of Vehumet.
 11058 | Orc:2    | Noticed an ogre mage
 11073 | Orc:2    | Noticed an ogre mage
 11087 | Orc:2    | Killed an ogre mage
 11089 | Orc:2    | Killed an ogre mage
 11101 | Orc:2    | Reached skill level 12 in Long Blades
 11186 | Orc:2    | Found Ipeariv's Magic Scroll Shop.
 11196 | Orc:2    | Bought a scroll of magic mapping for 56 gold pieces
 11198 | Orc:2    | Found an ancient bone altar of Kikubaaqudgha.
 11227 | Orc:2    | Found a roughly hewn altar of Beogh.
 11227 | Orc:2    | Found Piowug's Book Shop.
 11228 | Orc:2    | Found Amehuut's Antique Weapon Boutique.
 11261 | Orc:2    | Bought a jewelled long sword for 212 gold pieces
 11261 | Orc:2    | Identified the +2 long sword "Renusiav" {drain, rC+ Str+3 Dex+3} (You bought it in a shop on level 2 of the Orcish Mines)
 11475 | Orc:1    | Found Foemnimm's Food Emporium.
 11646 | Elf:1    | Entered Level 1 of the Elven Halls
 11686 | Elf:1    | Noticed Donald
 11828 | Elf:3    | Entered Level 3 of the Elven Halls
 11895 | Elf:2    | Found a magical portal.
 11917 | WizLab   | Entered The Chambers of the Cloud Mage
 11923 | WizLab   | Noticed a spark wasp
 11924 | WizLab   | Noticed a blizzard demon
 11944 | Elf:2    | Killed a spark wasp
 12184 | Elf:2    | Reached skill level 13 in Long Blades
 12253 | Elf:2    | Reached skill level 1 in Conjurations
 12319 | Elf:2    | Gained mutation: Your large and strong wings let you fly indefinitely. [Gargoyle growth]
 12319 | Elf:2    | Reached XP level 14. HP: 70/80 MP: 19/24
 12557 | Elf:2    | Learned a level 3 spell: Regeneration
 12595 | Elf:3    | Noticed Roxanne
 12735 | Elf:2    | Reached skill level 1 in Charms
 12743 | Elf:2    | Reached ***** piety under Sif Muna
 12743 | Elf:2    | Reached skill level 1 in Necromancy
 12747 | Elf:2    | Identified Sif Muna's Incunabulum of Creative Attacks (Sif Muna gifted it to you on level 2 of the Elven Halls)
 12747 | Elf:2    | Received a gift from Sif Muna
 12758 | Elf:2    | Found Dimupob's Magic Scroll Emporium.
 12764 | Elf:2    | Noticed a deep elf elementalist
 12769 | Elf:2    | Killed a deep elf elementalist
 12769 | Elf:2    | Reached skill level 5 in Conjurations
 12836 | Elf:2    | Bought a scroll of magic mapping for 59 gold pieces
 13171 | Elf:1    | Noticed a deep elf sorcerer
 13217 | Elf:1    | Killed a deep elf sorcerer
 13235 | Elf:1    | Learned a level 3 spell: Vampiric Draining
 13468 | Elf:1    | Identified the Compendium of a Billion Yaks
 13678 | Elf:1    | Killed from afar by a deep elf knight

Vault maps used:
D:1:      tarquinn_simple_flora_water_e
D:2:      vehumet_crystals, nicolae_gozag_cash_rules_everything_around_me
D:3:      minmay_misc_feat_encased, lightli_corner_chamber,
          uniq_crazy_yiuf_cottage, uniq_terence
D:4:      nicolae_ru_the_path_less_chosen, overflow_temple_1_default,
          minmay_temple_entry_junction, minmay_liquid_box, uniq_purgy
D:5:      lemuel_crystal_altar, chequers_temple_overflow_statue_of_worship,
          first_ration, serial_shops, nicolae_shop_behind_doors,
          guppyfry_shop_venom
D:6:      grunt_qazlal_sundering, lemuel_doored_altar
D:7:      uniq_duvessa
D:8:      kiku_gazebo_pond_becter, lemuel_crystal_altar, dpeg_lair_monsters,
          serial_shops, shop, shop_statue,
          nicolae_shop_temple_entry_statues_fountains, nicolae_shop_stone, shop,
          dk_rats_in_the_wall, uniq_maurice
D:9:      minmay_the_grid_four_pointed_star_mashed, overflow_temple_1_default,
          blue_anna_alchemist, item_on_display_a
D:10:     nicolae_elemental_shop, uniq_erica
D:11:     david_orc_5, serial_shops, shop, serial_undead, serial_undead_c,
          serial_undead_d, serial_undead_f, serial_undead_f, serial_undead_b,
          serial_undead_a
D:12:     minmay_door_square, minmay_misc_feat_room
D:13:     lightli_vaults_fourway_checkpoint
D:14:     hangedman_decor_peaks_small, spider_trap, bh_walls_and_bars
D:15:     hangedman_depths_entry_try_elsewhere_first, hex_medium, serial_shops,
          nicolae_shop_trees, nrook_mini_vaults
Temple:   eino_wide_crystal_templ
Orc:1:    serial_shops, nicolae_shop_waterfront, nicolae_orc_rockfall,
          abandoned_shop, trog_hazing_becter
Orc:2:    kennysheep_orc_mage_school, serial_shops, shop, minmay_orc_keep
Elf:1:    minmay_elf_sorcery, uniq_donald
Elf:2:    lightli_enter_wizlab_magi_temple, serial_shops, shop,
          guppyfry_library_mini
Elf:3:    minmay_elf_hall_dome, serial_shops, shop, basic_altar, uniq_louise,
          uniq_roxanne
WizLab:   wizlab_cloud

Skill      XL: |  1  2  3  4  5  6  7  8  9 10 11 12 13 14 |
---------------+-------------------------------------------+-----
Summonings     | 4 5 6 7 8 9 10 | 10.6
Spellcasting   | 3 5 6 7 8 |  8.5
Invocations    | 1 5 6 7 9 10 | 10.0
Long Blades    | 2 4 7 9 13 | 13.1
Fighting       | 3 5 6 |  6.0
Armour         | 3 5 6 |  6.0
Dodging        | 3 4 5 |  5.0
Conjurations   | 2 7 |  7.6
Charms         | 2 |  2.9
Necromancy     | 2 |  2.5
Stealth        | |  2.1

Action                   |  1- 3 |  4- 6 |  7- 9 | 10-12 | 13-15 || total
-------------------------+-------+-------+-------+-------+-------++-------
Melee: Unarmed           |    37 |       |       |       |       ||    37
       Spear             |    14 |    13 |       |       |       ||    27
       Staff             |    19 |    65 |   130 |       |       ||   214
       Flail             |       |       |   116 |       |       ||   116
       Quarterstaff      |       |       |    84 |       |       ||    84
       Great sword       |       |       |     2 |   346 |   530 ||   878
 Cast: Summon Small Mamm |    32 |     1 |       |       |     2 ||    35
       Call Canine Famil |     4 |     5 |    21 |    35 |    31 ||    96
       Summon Lightning  |       |     4 |    27 |    31 |    43 ||   105
       Apportation       |       |       |       |       |     1 ||     1
       Regeneration      |       |       |       |       |     2 ||     2
Invok: Divine Energy     |       |       |       |     1 |       ||     1
       Channel Magic     |       |       |       |       |     1 ||     1
Evoke: Wand              |       |       |     7 |    17 |    23 ||    47
       Phantom mirror    |       |       |       |       |     1 ||     1
  Use: Scroll            |     3 |     5 |     8 |     6 |    15 ||    37
       Potion            |       |     1 |     2 |     1 |    12 ||    16
 Stab: Sleeping          |     2 |     1 |     2 |     2 |       ||     7
       Distracted        |     1 |     2 |     5 |     4 |     9 ||    21
  Eat: Ration            |     1 |       |       |     3 |     2 ||     6
       Chunk             |       |     2 |    19 |    11 |     9 ||    41
Armor: Robe              |    20 |       |       |       |       ||    20
       Ring mail         |    23 |    31 |       |       |       ||    54
       Troll leather arm |       |    30 |   229 |   278 |   323 ||   860
Dodge: Dodged            |    74 |    59 |   238 |   346 |   360 ||  1077
       Rpst.: Great sword |       |       |     1 |    83 |    89 ||   173

Table legend:
 A = Spawn XP
 B = Non-spawn XP
 C = Spawn XP percentage of total XP
 D = Spawn monster count
 E = Non-spawn monster count
 F = Spawn count percentage of total count
 G = Total turns spent on level
                    A         B        C        D         E        F      G
               +---------+---------+-------+---------+---------+-------+---------
         Total |       0 |   77955 |   0.0 |       0 |     548 |   0.0 | 13678
               +---------+---------+-------+---------+---------+-------+---------
           D:1 |       0 |      24 |   0.0 |       0 |      18 |   0.0 |   381
           D:2 |       0 |      74 |   0.0 |       0 |      23 |   0.0 |   740
           D:3 |       0 |     236 |   0.0 |       0 |      28 |   0.0 |   677
           D:4 |       0 |     303 |   0.0 |       0 |      16 |   0.0 |  1078
           D:5 |       0 |     825 |   0.0 |       0 |      38 |   0.0 |   971
           D:6 |       0 |     386 |   0.0 |       0 |      18 |   0.0 |   455
           D:7 |       0 |    2879 |   0.0 |       0 |      20 |   0.0 |   997
           D:8 |       0 |    2164 |   0.0 |       0 |      20 |   0.0 |   620
           D:9 |       0 |    4410 |   0.0 |       0 |      36 |   0.0 |   655
          D:10 |       0 |    1634 |   0.0 |       0 |      11 |   0.0 |   437
          D:11 |       0 |    6229 |   0.0 |       0 |      68 |   0.0 |   664
          D:12 |       0 |     975 |   0.0 |       0 |      15 |   0.0 |   353
          D:13 |       0 |    4661 |   0.0 |       0 |      26 |   0.0 |   373
          D:14 |       0 |    8485 |   0.0 |       0 |      31 |   0.0 |  1065
          D:15 |       0 |    2374 |   0.0 |       0 |       8 |   0.0 |   157
         Orc:1 |       0 |    2607 |   0.0 |       0 |      35 |   0.0 |   636
         Orc:2 |       0 |    8146 |   0.0 |       0 |      68 |   0.0 |  1360
         Elf:1 |       0 |   14962 |   0.0 |       0 |      31 |   0.0 |   867
         Elf:2 |       0 |   16581 |   0.0 |       0 |      38 |   0.0 |  1149
               +---------+---------+-------+---------+---------+-------+---------
